 Dungeon Crawl Stone Soup version 0.20.1-1-g8b1a95d (webtiles) character file.

661 n0claF the Cudgeler (level 7, 0/63 HPs)
             Began as a Minotaur Berserker on Nov 2, 2017.
             Was a Priest of Trog.
             Slain by a gnoll sergeant
             ... wielding a +0 trident
              (6 damage)
             ... on level 5 of the Dungeon.
             The game lasted 00:09:52 (4181 turns).

n0claF the Cudgeler (Minotaur Berserker)            Turns: 4181, Time: 00:09:52

Health: 0/63       AC: 13    Str: 22    XL:     7   Next: 30%
Magic:  6/6        EV: 10    Int:  4    God:    Trog [***...]
Gold:   248        SH:  0    Dex: 11    Spells: 6/6 levels left

rFire    x . .     SeeInvis .   s - +2 quarterstaff (chaos)
rCold    + . .     Gourm    .   (shield currently unavailable)
rNeg     . . .     Faith    .   y - +0 chain mail
rPois    .         Spirit   .   (helmet restricted)
rElec    .         Reflect  .   t - +2 cloak {+Inv}
rCorr    .         Harm     .   (no gloves)
MR       .....                  (no boots)
Stlth    ..........             (no amulet)
Regen    0.2/turn               o - ring of ice
MPRegen  0.1/turn               n - ring of stealth

@: no status effects
A: retaliatory headbutt, horns 2
a: Berserk, Trog's Hand, Burn Spellbooks, Renounce Religion, Evoke Invisibility


You were on level 5 of the Dungeon.
You worshipped Trog.
Trog was most pleased with you.
You were near starving.

You visited 1 branch of the dungeon, and saw 5 of its levels.

You collected 248 gold pieces.

Inventory:

Hand Weapons
 d - a +4 mace
 s - a +2 quarterstaff of chaos (weapon)
Armour
 t - a +2 cloak of invisibility (worn)
 y - a +0 chain mail (worn)
Jewellery
 m - an uncursed ring of wizardry
 n - a ring of stealth (right hand)
 o - a ring of ice (left hand)
 w - an uncursed ring of stealth
Wands
 u - a wand of flame (17/48)
 D - a wand of confusion (19/48)
Scrolls
 b - 3 scrolls of remove curse {unknown}
 e - 2 scrolls of magic mapping {unknown}
 g - 3 scrolls of amnesia {unknown}
 i - 5 scrolls of identify {unknown}
 j - a scroll of fog {unknown}
 l - 2 scrolls of enchant armour {unknown}
 p - a scroll of enchant weapon {unknown}
 q - 2 scrolls of random uselessness {unknown}
 r - a scroll of teleportation {unknown}
 C - a scroll of fear {unknown}
 E - a scroll of summoning {unknown}
Potions
 a - 3 potions of magic {unknown}
 f - a potion of curing {unknown}
 v - a potion of mutation {unknown}
 x - a potion of resistance {unknown}
 z - a potion of berserk rage {unknown}
 B - a potion of brilliance {unknown}
 F - a potion of heal wounds {unknown}
Books
 A - a book of Minor Magic

   Spells                             Type                      Level
   a - Magic Dart                     Conjuration                  1
   b - Blink                          Translocation                2
   c - Call Imp                       Summoning                    2
   d - Slow                           Hexes                        2
   e - Conjure Flame                  Conjuration/Fire             3
   f - Mephitic Cloud                 Conjuration/Poison/Air       3
   Trog disapproves of the use of such an item.
Comestibles
 c - 5 bread rations
 h - 4 royal jellies
 k - 3 fruits
 G - a meat ration


   Skills:
 + Level 6.0 Fighting
 + Level 6.1 Maces & Flails
 + Level 5.1 Armour
 + Level 4.7 Dodging


You had 6 spell levels left.
You didn't know any spells.

Dungeon Overview and Level Annotations

Branches:
Dungeon (5/15)             Temple (0/1) D:4

Altars:
Uskayaw
Zin
The Shining One


Innate Abilities, Weirdness & Mutations

You reflexively headbutt those who attack you in melee.
You have a pair of horns on your head.


Message History

The gnoll is lightly wounded.
The gnoll sergeant hits you with a trident.
* * * LOW HITPOINT WARNING * * *
The gnoll closely misses you. You furiously retaliate!
You headbutt the gnoll.
The gnoll hits you from afar with a spear.
* * * LOW HITPOINT WARNING * * *
The gnoll sergeant closely misses you. The gnoll hits you with a halberd!
* * * LOW HITPOINT WARNING * * *
You cannot see a spellbook to ignite!
You sock the gnoll! You freeze the gnoll.
You kill the gnoll!
Trog accepts your kill. The gnoll sergeant barely misses you.
You furiously retaliate!
You headbutt the gnoll sergeant, but do no damage.
The gnoll hits you but does no damage. The gnoll barely misses you.
You furiously retaliate!
You headbutt the gnoll!
You kill the gnoll!
Trog accepts your kill.
The gnoll sergeant hits you with a trident.
You die...

................##...............
................##...............
#....#..........#########.)......
#....#..........#### #..####+#
#....#....≈≈≈≈≈≈≈≈≈# #........
#....#....≈##≈≈≈##≈# #........
#....#....≈ ######≈########......
#....# ... #..)#≈≈..............
#....#.... #$gg@................
'......... #..)#≈≈..............
#......... ######≈..............
#.###..... ##≈≈≈##≈........##...#
#.###.#### ≈≈≈≈≈≈≈≈........##...#
#<....# #####..........##..>.
#################..........##.###
................'..........'..#
#################..........####


You could see a gnoll sergeant and a gnoll.

Vanquished Creatures
  A black bear (D:5)
  A phantom (D:5)
  A centaur (D:5)
  3 orc wizards
  2 orc priests
  Crazy Yiuf (D:2)
  A worker ant (D:4)
  7 gnolls
  3 adders
  3 oozes
  3 worms
  A dart slug (D:3)
  3 leopard geckos
  9 orcs
  9 bats
  4 giant cockroaches
  6 goblins
  3 hobgoblins
  10 jackals
  11 kobolds
  A ball python (D:4)
  4 frilled lizards
  3 rats
90 creatures vanquished.

Vanquished Creatures (others)
  An orc (D:4)
1 creature vanquished.

Grand Total: 91 creatures vanquished

Notes
Turn   | Place    | Note
-------+----------+-------------------------------------------
     0 | D:1      | n0claF the Minotaur Berserker began the quest for the Orb.
     0 | D:1      | Reached XP level 1. HP: 19/19 MP: 0/0
   342 | D:1      | Reached XP level 2. HP: 27/27 MP: 1/1
   830 | D:2      | Found a runed door.
   862 | D:2      | Found a glowing golden altar of the Shining One.
   907 | D:2      | Reached XP level 3. HP: 33/33 MP: 2/2
  1036 | D:2      | Found a hide-covered altar of Uskayaw.
  1123 | D:2      | Reached ** piety under Trog
  1716 | D:2      | Noticed Crazy Yiuf
  1721 | D:2      | Killed Crazy Yiuf
  1721 | D:2      | Reached XP level 4. HP: 41/41 MP: 0/3
  1811 | D:3      | Found a glowing silver altar of Zin.
  2304 | D:3      | Reached XP level 5. HP: 47/47 MP: 4/4
  2521 | D:3      | Reached skill level 5 in Fighting
  2530 | D:3      | Reached skill level 5 in Maces & Flails
  2993 | D:4      | Reached XP level 6. HP: 56/56 MP: 5/5
  3004 | D:4      | Reached *** piety under Trog
  3405 | D:4      | Found a staircase to the Ecumenical Temple.
  3692 | D:5      | Entered Level 5 of the Dungeon
  3897 | D:5      | Reached XP level 7. HP: 62/62 MP: 6/6
  3927 | D:5      | Reached skill level 5 in Armour
  4181 | D:5      | Slain by a gnoll sergeant

Skill      XL: |  1  2  3  4  5  6  7 |
---------------+----------------------+-----
Fighting       | 4 5 6 |  6.0
Armour         | 3 4 5 |  5.1
Maces & Flails | 4 5 6 |  6.1
Dodging        | 3 4 |  4.7

Action                   |  1- 3 |  4- 6 |  7- 9 || total
-------------------------+-------+-------+-------++-------
Melee: Mace              |    73 |       |       ||    73
       Headbutt          |     9 |    15 |     1 ||    25
       Quarterstaff      |       |   104 |    13 ||   117
Invok: Berserk           |     3 |     4 |       ||     7
       Trog's Hand       |       |     1 |       ||     1
  Eat: Chunk             |     5 |     6 |       ||    11
       Bread ration      |       |     1 |       ||     1
Armor: Ring mail         |    33 |    38 |       ||    71
       Chain mail        |       |    10 |    13 ||    23
Dodge: Dodged            |    51 |    87 |    10 ||   148
